 Dungeon Crawl Stone Soup version 0.30-a0-141-g30f27751c5 (webtiles) character file.

Game seed: 12364926092131732209

495 Sobieck the Chopper (level 7, 0/60 HPs)
             Began as a Ghoul Gladiator on Sept 25, 2022.
             Slain by an ogre
             ... wielding a +0 giant club
              (12 damage)
             ... on level 4 of the Dungeon.
             The game lasted 00:06:59 (4032 turns).

Sobieck the Chopper (Ghoul Gladiator)               Turns: 4032, Time: 00:07:00

Health: 0/60       AC: 14    Str: 20    XL:     7   Next: 15%
Magic:  6/6        EV:  6    Int:  3    God:
Gold:   215        SH:  3    Dex: 10    Spells: 6/6 levels left

rFire   . . .      SeeInvis .    a - +1 war axe (venom) {axe}
rCold   + . .      Faith    .    z - +0 buckler
rNeg    + + +      Spirit   .    v - +0 plate armour
rPois   ∞          Reflect  .    o - +1 helmet
rElec   .          Harm     .    C - +0 cloak
rCorr   +          Rampage  .    (no gloves)
Will    .....                    (no boots)
Stlth   ..........               (no amulet)
HPRegen 0.00/turn                p - ring of resist corrosion
MPRegen 0.10/turn                (no ring)

@: inhibited regen
A: claws 1, cold resistance 1, negative energy resistance 3, inhibited
regeneration, torment resistance 2, devour on kill
a: no special abilities


You were on level 4 of the Dungeon.
You visited 1 branch of the dungeon, and saw 4 of its levels.

You collected 215 gold pieces.


Innate Abilities, Weirdness & Mutations

You are immune to poison.
You have sharp fingernails.
Your flesh is cold resistant. (rC+)
You are immune to negative energy. (rN+++)
You do not regenerate when monsters are visible.
You are immune to unholy pain and torment.
You thrive by killing the living.


   Skills:
 + Level 4.5 Fighting
 * Level 5.4 Axes
 - Level 1.7 Throwing
 + Level 3.0 Armour
 - Level 2.6 Dodging


You had 6 spell levels left.
You didn't know any spells.
Your spell library contained the following spells:

 Spells                   Type           Power      Damage    Failure   Level
 Magic Dart               Conj           0%         1d3       100%        1
 Summon Small Mammal      Summ           0%         N/A       100%        1
 Call Imp                 Summ           0%         N/A       100%        2
 Call Canine Familiar     Summ           0%         N/A       100%        3
 Mephitic Cloud           Conj/Pois/Air  0%         N/A       100%        3
 Summon Guardian Golem    Hex/Summ       0%         N/A       100%        3
 Summon Forest            Summ/Tloc      0%         N/A       100%        5
 Eringya's Noxious Bog    Tmut/Pois      0%         N/A       100%        6
 Summon Hydra             Summ           0%         N/A       100%        7

Inventory:

Hand Weapons
 a - a +1 war axe of venom (weapon) {axe}
 t - a +1 dagger of speed {short}
   (You took it off a kobold on level 2 of the Dungeon)
 x - a +3 mace {mace}
   (You found it on level 3 of the Dungeon)
Missiles
 d - 4 throwing nets {=f!fthrowing}
 e - 6 javelins {throwing}
 y - 16 stones {throwing}
Armour
 b - a +0 leather armour
 c - a +0 helmet
 f - a +0 leather armour
   (You found it on level 1 of the Dungeon)
 g - a +0 ring mail
   (You found it on level 1 of the Dungeon)
 h - a +0 scale mail
   (You found it on level 4 of the Dungeon)
 j - a +0 robe
   (You found it on level 4 of the Dungeon)
 k - a +0 robe
   (You found it on level 2 of the Dungeon)
 m - a +0 ring mail
   (You found it on level 2 of the Dungeon)
 o - a +1 helmet (worn)
   (You found it on level 2 of the Dungeon)
 q - a +0 robe
   (You took it off an orc wizard on level 4 of the Dungeon)
 r - a +0 robe
   (You took it off an orc wizard on level 4 of the Dungeon)
 v - a +0 plate armour (worn)
   (You found it on level 3 of the Dungeon)
 z - a +0 buckler (worn)
   (You found it on level 3 of the Dungeon)
 A - the +6 leather armour of Masochism {Contam Will+++ Str+5 Int-2}
   (You found it on level 3 of the Dungeon)

   Str:       It affects your strength (+5).
   Int:       It affects your intelligence (-2).
   Contam:    It causes magical contamination when unequipped.
   Will:      It greatly increases your willpower.
 C - a +0 cloak (worn)
   (You found it on level 3 of the Dungeon)
 D - a +0 leather armour
   (You took it off an orc on level 4 of the Dungeon)
 F - a +0 ring mail
   (You took it off an orc on level 4 of the Dungeon)
 I - a +0 ring mail
   (You found it on level 4 of the Dungeon)
Jewellery
 p - a ring of resist corrosion (left claw)
   (You found it on level 4 of the Dungeon)
Wands
 l - a wand of quicksilver (5)
   (You found it on level 2 of the Dungeon)
 B - a wand of roots (4) (quivered)
   (You took it off Natasha on level 3 of the Dungeon)
Scrolls
 i - a scroll of acquirement
 G - a scroll of blinking {unknown}
 H - a scroll of fog {unknown}
Potions
 n - a potion of resistance
 s - a potion of ambrosia
 u - 2 potions of curing {@q1}
 w - a potion of lignification
 E - a potion of mutation

Dungeon Overview and Level Annotations

Branches:
Dungeon (4/15) Zot: 19906
 Temple: D:4-7

Altars:
Fedhas
Hepliaklqana

Shops:
D:2

: ...######
#.....######
...#....# #.....#
...#..>.# #.....#
...#....# #.....#
...#.#..# ###.<...#
####.#### #....####
#...# #....# #...#
#.O..# #'########
#.@..# ###..#.....#
#....# .....#.....#
#....# .....#.....#
#.†..#
#'####.....####..###
...........#..#....#
...........#.......#
...........#.......#
...........#.......#


You could see an ogre.


Message History

Unknown command.
You barely miss the gnoll. The gnoll hits you but does no damage.
Unknown command.
You hit the gnoll but do no damage.
The gnoll looks as sick as possible!
The gnoll barely misses you. You block the gnoll's attack.
Unknown command.
You slash the gnoll!
You kill the gnoll!
You feel better.
Unknown command.
You start resting.
Unknown command.
Unknown command.
Things that are here:
a +0 spear {polearm}; a gnoll corpse
There is an open door here.
As you open the door, it creaks loudly!
Unknown command.
There is an open door here.
You open the door.
There is an open door here.
There is an open door here.
There is an open door here.
There is an open door here.
You open the door.
There is an open door here.
You open the door.
There is an open door here.
You see here a quokka skeleton.
There is an open door here.
There is an open door here.
There is an open door here.
A ball python comes into view.
The ball python hisses angrily.
Danger!
You hit the ball python.
You kill the ball python!
No target in view!
No target in view!
There is an open door here.
There is an open door here.
You open the door. You open the door.
There is an open door here.
Found a stone staircase leading down.
Unknown command.
There is an open door here.
There is an open door here.
Found an escape hatch in the floor.
There is an open door here.
You see here a +0 dagger {short}.
You see here a +0 helmet.
You see here a scroll of amnesia.
You open the door.
There is an open door here.
You see here a +0 helmet.
You see here a +0 dagger {short}.
There is an open door here.
Found an escape hatch in the ceiling.
A dart slug comes into view.
Danger!
You hit the dart slug.
The dart slug is poisoned.
You kill the dart slug!
No target in view!
No target in view!
An ogre comes into view. It is wielding a +0 giant club.
Danger!
A hobgoblin comes into view.
Unknown command.
There is an escape hatch in the ceiling here.
Unknown command.
Unknown command.
The roots erupt in riotous growth!
Roots grab the ogre.
The grasping roots constrict the ogre.
The ogre struggles to escape constriction.
Unknown command.
Unknown command.
Unknown command.
The grasping roots constrict the ogre.
The roots release their grip on the ogre.
Unknown command.
The ogre hits you with a +0 giant club!!
Unknown command.
You barely miss the ogre. You hit the hobgoblin but do no damage.
The hobgoblin is poisoned.
The hobgoblin hits you but does no damage.
The ogre hits you with a +0 giant club!
* * * LOW HITPOINT WARNING * * *
The hobgoblin hits you but does no damage.
You slash the ogre! You closely miss the hobgoblin.
The ogre hits you with a +0 giant club!
* * * LOW HITPOINT WARNING * * *
You block the hobgoblin's attack.
Unknown command.
Unknown command.
You barely miss the ogre. You hit the hobgoblin.
You kill the hobgoblin!
The ogre hits you with a +0 giant club!
You die...

Skill      XL: |  1  2  3  4  5  6  7 |
---------------+----------------------+-----
Axes           | 3 4 5 |  5.4
Armour         | 1 2 3 |  3.0
Fighting       | 3 4 |  4.5
Throwing       | |  1.7
Dodging        | |  2.6

Action                   |  1- 3 |  4- 6 |  7- 9 || total
-------------------------+-------+-------+-------++-------
Melee: War axe           |    70 |    74 |    38 ||   182
Evoke: Wand              |       |       |     1 ||     1
  Use: Scroll            |       |    10 |       ||    10
Armor: Leather armour    |     2 |       |       ||     2
       Ring mail         |    34 |     4 |       ||    38
       Plate armour      |       |    64 |    38 ||   102
Dodge: Dodged            |    53 |    22 |     7 ||    82
Block: Buckler           |       |    11 |     7 ||    18

Levels and vault maps discovered:
D:1:      evilmike_arrival_come_back, layout_basic, basic_ecumenical_altar,
          nicolae_hexahallways, hangedman_decor_points
D:2:      layout_basic, minivault_25, nicolae_shop_vocational
D:3:      layout_basic, uniq_natasha
D:4:      layout_gridville, chequers_temple_overflow_statue_of_worship,
          uniq_menkaure

Notes
Turn   | Place    | Note
-------+----------+-------------------------------------------
     0 | D:1      | Sobieck the Ghoul Gladiator began the quest for the Orb.
     0 | D:1      | Reached XP level 1. HP: 17/17 MP: 0/0
     9 | D:1      | Noticed a bullfrog
    61 | D:1      | Found a faded altar of an unknown god.
   200 | D:1      | Reached XP level 2. HP: 21/25 MP: 1/1
   327 | D:1      | Reached skill level 3 in Axes
   831 | D:2      | You add the spells Summon Forest, Eringya's Noxious Bog and
                  | Summon Hydra to your library.
   951 | D:2      | Reached XP level 3. HP: 30/30 MP: 2/2
   990 | D:2      | Reached skill level 1 in Armour
  1026 | D:2      | You pick up a book of Minor Magic and begin reading...
  1026 | D:2      | You add the spells Magic Dart, Call Imp and Mephitic Cloud
                  | to your library.
  1371 | D:2      | Found Xurph's Vocational Training.
  1581 | D:3      | Reached XP level 4. HP: 37/37 MP: 3/3
  1738 | D:3      | Reached skill level 3 in Fighting
  1810 | D:3      | Noticed Natasha
  1819 | D:3      | Killed Natasha
  1820 | D:3      | Identified the +6 leather armour of Masochism {Contam
                  | Will+++ Str+5 Int-2}
  1995 | D:3      | You pick up a book of Callings and begin reading...
  1995 | D:3      | You add the spells Summon Small Mammal, Call Canine
                  | Familiar and Summon Guardian Golem to your library.
  2149 | D:3      | Noticed Natasha
  2160 | D:3      | Killed Natasha
  2161 | D:3      | Reached skill level 4 in Axes
  2161 | D:3      | Reached XP level 5. HP: 23/45 MP: 4/4
  2186 | D:3      | Noticed Natasha
  2194 | D:3      | Killed Natasha
  2695 | D:4      | Identified a scroll of acquirement
  2778 | D:4      | Reached skill level 2 in Armour
  2892 | D:4      | Noticed Menkaure
  3072 | D:4      | Reached XP level 6. HP: 52/52 MP: 5/5
  3215 | D:4      | Killed Menkaure
  3216 | D:4      | Reached skill level 4 in Fighting
  3216 | D:4      | Reached skill level 5 in Axes
  3368 | D:4      | Reached XP level 7. HP: 59/60 MP: 6/6
  3474 | D:4      | Found a blossoming altar of Fedhas.
  3475 | D:4      | Found a hazy altar of Hepliaklqana.
  3594 | D:4      | Reached skill level 3 in Armour
  4031 | D:4      | HP: 12/60 [ogre/+0 giant club (14)]
  4032 | D:4      | Slain by an ogre

Vanquished Creatures
  Menkaure (D:4)
  A scorpion (D:4)
  An orc priest (D:4)
  Natasha (thrice) (D:3)
  2 orc wizards (D:4)
  4 gnolls (D:4)
  5 adders
  A worm (D:2)
  2 dart slugs
  6 orcs (D:4)
  6 ball pythons
  8 endoplasms
  4 giant cockroaches (D:1)
  4 goblins
  7 hobgoblins
  2 kobolds (D:2)
  4 quokkas
  4 bats
  2 frilled lizards
  4 rats
71 creatures vanquished.

Table legend:
 A = Non-vault XP
 B = Vault XP
 C = Vault XP percentage of total XP
 D = Non-vault monster count
 E = Vault monster count
 F = Vault count percentage of total count
                 A         B        C        D         E       F
            +---------+---------+-------+---------+---------+-------
      Total |     492 |     218 |  30.7 |      69 |       2 |   2.8
            +---------+---------+-------+---------+---------+-------
        D:1 |      22 |       0 |   0.0 |      13 |       0 |   0.0
        D:2 |      58 |       0 |   0.0 |      17 |       0 |   0.0
        D:3 |      89 |      35 |  28.2 |      14 |       1 |   6.7
        D:4 |     323 |     183 |  36.2 |      25 |       1 |   3.8
            +---------+---------+-------+---------+---------+-------

Illustrated notes

Table legend:
 A = Kills in this place as a percentage of kills in entire the game.
 B = Kills by you in this place as a percentage of kills by you in the entire game.
 C = Kills by friends in this place as a percentage of kills by friends in the entire game.
 D = Other kills in this place as a percentage of other kills in the entire game.
 E = Experience gained in this place as a percentage of experience gained in the entire game.
 F = Experience gained in this place divided by the number of levels of this place that you have seen.
                   A       B       C       D       E      F
               +-------+-------+-------+-------+-------+----------------------
         Total | 100.0 | 100.0 |   N/A |   N/A | 100.0 | 177.5
       Dungeon | 100.0 | 100.0 |   N/A |   N/A | 100.0 | 177.5
               +-------+-------+-------+-------+-------+----------------------

Table legend: (Time is in decaauts)
 A = Elapsed time spent in this place.
 B = Non-inter-level travel time spent in this place.
 C = Inter-level travel time spent in this place.
 D = Time resting spent in this place.
 E = Time spent auto-exploring this place.
 F = Levels seen in this place.
 G = Mean time per level.
                   A        B        C        D        E       F      G
               +--------+--------+--------+--------+--------+-----+--------+
         Total |   4092 |   3964 |    128 |    703 |   2628 |   4 | 1023.0 |
       Dungeon |   4092 |   3964 |    128 |    703 |   2628 |   4 | 1023.0 |
               +--------+--------+--------+--------+--------+-----+--------+

Top non-repeatable levels by time:
     D:3: 1340 daAuts
     D:4: 1156 daAuts
     D:1: 825 daAuts
     D:2: 769 daAuts
